 Dungeon Crawl Stone Soup version 0.22-a0-113-gdd6f4a9 (webtiles) character file.

6664 kuniqs the Summoner (level 10, -3/63 HPs)
             Began as a Mummy Summoner on Jan 28, 2018.
             Was a High Priest of Sif Muna.
             Slain by a yak (7 damage)
             ... on level 11 of the Dungeon.
             The game lasted 00:29:55 (12567 turns).

kuniqs the Summoner (Mummy Summoner)               Turns: 12567, Time: 00:29:56

Health: -3/63      AC: 10    Str: 12    XL:     10   Next: 73%
Magic:  1/23       EV: 11    Int: 24    God:    Sif Muna [*****.]
Gold:   447        SH:  0    Dex: 13    Spells: 5/28 levels left

rFire    . . .     SeeInvis +   y - +3 broad axe of the Dead {chop, rPois Int+7 SInv Stlth+}
rCold    + . .     Gourm    .   (no shield)
rNeg     + + +     Faith    .   p - +2 leather armour {rF+}
rPois    ∞         Spirit   .   (no helmet)
rElec    .         Reflect  .   (no cloak)
rCorr    .         Harm     .   (no gloves)
MR       +....                  r - +0 pair of boots
Stlth    +++.......             s - amulet of magic regeneration
HPRegen  0.20/turn              n - ring of wizardry
MPRegen  0.43/turn              b - +4 ring of protection

@: very slightly contaminated, divine energy
A: no food or potions, fire vulnerability, cold resistance 1, negative energy
resistance 3, torment resistance, unbreathing
a: Stop Divine Energy, Channel Magic, Forget Spell, Renounce Religion


You were on level 11 of the Dungeon.
You worshipped Sif Muna.
Sif Muna was extremely pleased with you.
You were not hungry.

You visited 2 branches of the dungeon, and saw 12 of its levels.

You collected 720 gold pieces.
You spent 273 gold pieces at shops.

Inventory:

Hand Weapons
 y - the +3 broad axe of the Dead (weapon) {chop, rPois Int+7 SInv Stlth+}
   (You bought it in a shop on level 7 of the Dungeon)

   It inflicts extra damage upon your enemies.
   It affects your intelligence (+7).
   It protects you from poison.
   It lets you see invisible.
   It makes you more stealthy.
Armour
 p - a +2 leather armour of fire resistance (worn)
 r - a +0 pair of boots (worn)
Magical Staves
 w - an uncursed staff of summoning
Jewellery
 b - a +4 ring of protection (right hand)
 g - an uncursed ring of protection from magic
 m - an uncursed ring of protection from cold
 n - a ring of wizardry (left hand)
 s - an amulet of magic regeneration (around neck)
 v - an uncursed ring of magical power
Wands
 d - a wand of clouds (6)
 h - a wand of acid (12)
 i - a wand of paralysis (18)
 k - a wand of iceblast (17)
 q - a wand of flame (27)
 z - a wand of polymorph (40)
Scrolls
 a - a scroll of magic mapping
 c - a scroll of blinking
 e - 2 scrolls of fog
 f - 3 scrolls of remove curse {@r2}
 j - 2 scrolls of random uselessness {unknown}
 l - 3 scrolls of amnesia
 o - a scroll of torment {unknown}
 t - a scroll of enchant armour {unknown}
 u - a scroll of enchant weapon
 x - a scroll of noise {unknown}
 A - a scroll of teleportation
 B - 4 scrolls of identify {@r1}
Books
 C - Lesan's Disquisition on the Escort
   (Sif Muna gifted it to you on level 11 of the Dungeon)

   Spells                             Type                      Level
   a - Summon Mana Viper              Hexes/Summoning              5
   b - Aura of Abjuration             Summoning                    5
   c - Shadow Creatures               Summoning                    6
   d - Spellforged Servitor           Conjuration/Summoning        7
   e - Summon Greater Demon           Summoning                    7


   Skills:
 - Level 1.5 Dodging
 - Level 1.5 Stealth
 + Level 9.7 Spellcasting
 + Level 12.3 Summonings


You had 5 spell levels left.
You knew the following spells:

 Your Spells              Type           Power        Failure   Level  Hunger
a - Summon Lightning Spi  Summ/Air       #####...     2%          4    N/A
b - Call Imp              Summ           ######..     1%          2    N/A
c - Call Canine Familiar  Summ           ######..     1%          3    N/A
d - Summon Ice Beast      Ice/Summ       #####...     2%          4    N/A
e - Summon Mana Viper     Hex/Summ       #####...     6%          5    N/A
f - Aura of Abjuration    Summ           ######....   1%          5    N/A

Dungeon Overview and Level Annotations

Branches:
Dungeon (11/15)            Temple (1/1) D:5            Lair (0/6) D:10
    Orc (0/2) D:9

Altars:
Ashenzari
Cheibriados
Dithmenos
Elyvilon
Fedhas
Gozag
Hepliaklqana
Kikubaaqudgha
Makhleb
Nemelex Xobeh
Okawaru
Qazlal
Ru
Sif Muna
Trog
Uskayaw
Vehumet
Wu Jian
Xom
Yredelemnul
The Shining One

Shops:
D:7 *

Annotations:
D:4 1 exclusion


Innate Abilities, Weirdness & Mutations

You do not eat or drink.
Your flesh is vulnerable to fire.
You are immune to poison.
Your flesh is cold resistant. (rC+)
You are immune to negative energy. (rN+++)
You are immune to unholy pain and torment.
You can survive without breathing.


Message History

A chill wind blows around you. The yak closely misses you.
Your ice beast hits the yak.
Your ice beast freezes the yak.
Unknown command.
A chill wind blows around you. The yak gores you! x3
* * * LOW HITPOINT WARNING * * *
Your ice beast hits the yak.
Your ice beast freezes the yak!
The yak barely misses you.
Your ice beast hits the yak.
Your ice beast freezes the yak!
Unknown command.
Your ice beast hits the yak.
Your ice beast freezes the yak!
The yak dies!
Sif Muna accepts your kill. The yak gores your ice beast!
The yak gores your ice beast. The yak gores you!
* * * LOW HITPOINT WARNING * * *
Your ice beast hits the yak but does no damage.
The yak gores your ice beast.
Your ice beast hits the yak but does no damage.
The yak gores your ice beast! The yak gores you!
You die...

#.# #.# #.## #.#
#..# #.# ##.# #.#
#†# #.# #####'###
###'###
#.......######......
+....YYY#....'......
#..@YYY.'.####......
#.......### #....).
##+###### #####'#
#.. ##. #. #. #.
######.


You could see 3 yaks and 3 friendly ice beasts.

Vanquished Creatures
  Pikel (D:7)
  A hippogriff (D:10)
  A vampire mosquito (D:9)
  An orc warrior (D:9)
  A black bear (D:7)
  3 centaurs
  2 bullfrogs (D:6)
  A scorpion (D:8)
  A killer bee (D:9)
  A wight (D:7)
  A howler monkey (D:4)
  A centaur zombie (D:7)
  3 crimson imps
  2 hounds
  A centaur skeleton (D:7)
  An orc priest (D:5)
  An orc wizard (D:4)
  Jessica (D:3)
  3 iguanas
  Natasha (thrice) (D:3)
  4 worker ants
  2 hound skeletons
  3 adders
  A shadow imp (D:6)
  2 oozes
  An adder skeleton (D:4)
  An adder zombie (D:8)
  A dart slug (D:4)
  A leopard gecko (D:3)
  13 orcs
  3 giant cockroaches
  4 goblins
  2 hobgoblins (D:3)
  13 jackals
  A quokka (D:3)
  A ball python (D:1)
  6 bats
  5 kobolds
  3 leopard gecko skeletons
  5 rats
  2 plants (D:10)
104 creatures vanquished.

Vanquished Creatures (collateral kills)
  Snorg (D:10)
  2 two-headed ogres
  The ghost of Demitroll the Chopper, a novice DrWz of Elyvilon (D:6)
  The ghost of Tovarisch the Cruncher, a novice DENe of Kikubaaqudgha (D:8)
  The ghost of wvc the Basher, a novice GrFi of Cheibriados (D:7)
  2 ugly things (D:11)
  A troll (D:9)
  7 yaks
  3 vampire mosquitoes (D:9)
  A hungry ghost (D:7)
  4 porcupines (D:9)
  A water moccasin (D:10)
  An orc warrior (D:11)
  2 slaves (D:7)
  A sky beast (D:10)
  3 centaurs
  4 ogres
  A big kobold (D:8)
  Blork the orc (D:8)
  A water moccasin zombie (D:10)
  A scorpion (D:10)
  2 killer bees (D:9)
  3 wights (D:7)
  An electric eel (D:10)
  A howler monkey (D:6)
  7 crimson imps
  2 jellies
  An orc priest (D:8)
  A bullfrog skeleton (D:4)
  2 hounds
  2 gnoll shamans
  2 iguanas
  Ijyb (D:5)
  6 orc wizards
  6 worker ants
  Terence (D:3)
  A hound skeleton (D:9)
  13 gnolls
  A howler monkey skeleton (D:10)
  15 adders
  2 shadow imps
  An adder skeleton (D:7)
  2 worms
  9 leopard geckos
  14 orcs
  A ball python (D:1)
  2 bats
  3 giant cockroaches
  5 goblins
  2 hobgoblins (D:1)
  6 jackals
  A frilled lizard (D:2)
  6 kobolds
  2 rats (D:1)
  8 plants
172 creatures vanquished.

Vanquished Creatures (others)
  A slave (D:7)
  A crimson imp (D:7)
  2 gnolls (D:7)
  A plant (D:10)
5 creatures vanquished.

Grand Total: 281 creatures vanquished

Notes
Turn   | Place    | Note
-------+----------+-------------------------------------------
     0 | D:1      | kuniqs the Mummy Summoner began the quest for the Orb.
     0 | D:1      | Reached XP level 1. HP: 13/13 MP: 4/4
   501 | D:1      | Reached XP level 2. HP: 17/19 MP: 5/5
   505 | D:1      | Learned a level 2 spell: Call Imp
  1256 | D:2      | Reached skill level 4 in Summonings
  1398 | D:2      | Reached XP level 3. HP: 24/24 MP: 1/7
  1403 | D:2      | Learned a level 3 spell: Call Canine Familiar
  1941 | D:3      | Noticed Jessica
  1948 | D:3      | Killed Jessica
  1948 | D:3      | Reached XP level 4. HP: 30/30 MP: 8/8
  2281 | D:3      | Reached skill level 5 in Summonings
  2324 | D:3      | Noticed Terence
  2379 | D:3      | Killed Terence
  2506 | D:3      | Noticed Natasha
  2512 | D:3      | Killed Natasha
  2512 | D:3      | Reached XP level 5. HP: 35/35 MP: 9/9
  2931 | D:3      | Noticed Natasha
  2963 | D:3      | Killed Natasha
  3010 | D:3      | Reached skill level 6 in Summonings
  3052 | D:3      | Noticed Natasha
  3071 | D:4      | Noticed an ogre
  3097 | D:3      | Killed Natasha
  3097 | D:3      | Reached XP level 6. HP: 17/41 MP: 7/10
  4790 | D:4      | Reached skill level 7 in Summonings
  4810 | D:4      | Reached XP level 7. HP: 25/46 MP: 2/11
  4920 | D:4      | Found an opulent altar of Gozag.
  4926 | D:4      | Learned a level 4 spell: Summon Ice Beast
  5253 | D:5      | Entered Level 5 of the Dungeon
  5385 | D:5      | Found a staircase to the Ecumenical Temple.
  5551 | Temple   | Entered the Ecumenical Temple
  5593 | Temple   | Became a worshipper of Sif Muna the Loreminder
  5674 | D:5      | Noticed Ijyb
  5692 | D:5      | Killed Ijyb
  5886 | D:5      | Found an ancient bone altar of Kikubaaqudgha.
  5887 | D:5      | Found a shattered altar of Ashenzari.
  5907 | D:5      | Found a white marble altar of Elyvilon.
  5909 | D:5      | Found a sacrificial altar of Ru.
  6224 | D:5      | Found a shimmering altar of Xom.
  6224 | D:5      | Found a radiant altar of Vehumet.
  6226 | D:5      | Found a glowing golden altar of the Shining One.
  6231 | D:5      | Found a stormy altar of Qazlal.
  6516 | D:6      | Reached skill level 8 in Summonings
  6601 | D:6      | Reached * piety under Sif Muna
  6903 | D:6      | Found a snail-covered altar of Cheibriados.
  6949 | D:6      | Reached XP level 8. HP: 45/52 MP: 12/12
  6951 | D:6      | Noticed Demitroll's ghost (novice DrWz)
  7028 | D:6      | Killed Demitroll's ghost
  7028 | D:6      | Reached skill level 9 in Summonings
  7193 | D:6      | Found a snail-covered altar of Cheibriados.
  7784 | D:7      | Noticed wvc's ghost (novice GrFi)
  8244 | D:7      | Found Gitisch's Assorted Antiques.
  8247 | D:7      | Bought a scroll labeled OZXIEN UDITENI for 21 gold pieces
  8247 | D:7      | Bought a scroll labeled UTWIKIJUA for 21 gold pieces
  8247 | D:7      | Bought an ebony broad axe for 189 gold pieces
  8247 | D:7      | Bought a scroll labeled TIVVUDW LIOF for 21 gold pieces
  8247 | D:7      | Bought a scroll labeled GOAQIACOCO for 21 gold pieces
  8445 | D:7      | Noticed Pikel
  8598 | D:7      | Killed Pikel
  8598 | D:7      | Reached ** piety under Sif Muna
  8598 | D:7      | Reached skill level 10 in Summonings
  8598 | D:7      | Reached XP level 9. HP: 57/57 MP: 13/13
  8811 | D:7      | Learned a level 4 spell: Summon Lightning Spire
  9018 | D:7      | Identified the +3 broad axe of the Dead {chop, rPois Int+7 SInv Stlth+} (You bought it in a shop on level 7 of the Dungeon)
  9109 | D:7      | Killed wvc's ghost
  9109 | D:7      | Reached skill level 11 in Summonings
  9278 | D:8      | Reached *** piety under Sif Muna
  9352 | D:8      | Noticed Tovarisch's ghost (novice DENe)
  9366 | D:8      | Killed Tovarisch's ghost
  9366 | D:8      | Reached skill level 5 in Spellcasting
  9497 | D:8      | Found a sparkling altar of Nemelex Xobeh.
  9683 | D:8      | Noticed Blork the orc
  9693 | D:8      | Killed Blork the orc
  9699 | D:8      | Found a deep blue altar of Sif Muna.
 10242 | D:9      | Found a staircase to the Orcish Mines.
 10435 | D:9      | Reached **** piety under Sif Muna
 10602 | D:9      | Noticed a troll
 10607 | D:9      | Killed a troll
 10612 | D:9      | Reached XP level 10. HP: 63/63 MP: 20/20
 10777 | D:9      | Identified the +1 robe of New Discoveries {Slay+3} (You found it on level 9 of the Dungeon)
 10875 | D:9      | Noticed a two-headed ogre
 10887 | D:9      | Killed a two-headed ogre
 11369 | D:10     | Entered Level 10 of the Dungeon
 11560 | D:10     | Found a staircase to the Lair.
 11660 | D:10     | Reached skill level 12 in Summonings
 11769 | D:10     | Noticed Snorg
 11783 | D:10     | Killed Snorg
 12325 | D:11     | Found a shimmering altar of Xom.
 12325 | D:11     | Noticed a cyan ugly thing
 12333 | D:11     | Killed a cyan ugly thing
 12406 | D:11     | Noticed a white ugly thing
 12424 | D:11     | Killed a white ugly thing
 12487 | D:11     | Noticed a two-headed ogre
 12494 | D:11     | Killed a two-headed ogre
 12494 | D:11     | Reached ***** piety under Sif Muna
 12494 | D:11     | Identified Lesan's Disquisition on the Escort (Sif Muna gifted it to you on level 11 of the Dungeon)
 12494 | D:11     | Received a gift from Sif Muna
 12502 | D:11     | Learned a level 5 spell: Summon Mana Viper
 12508 | D:11     | Learned a level 5 spell: Aura of Abjuration
 12567 | D:11     | Slain by a yak

Vault maps used:
D:1:      shiori_arrival_oz, minmay_shallow_snake_nest
D:3:      uniq_natasha, uniq_jessica, uniq_terence
D:4:      nicolae_gozag_seed_capital, first_ration, lightli_corner_chamber
D:5:      minitemple, nicolae_overflow_hidden_temple,
          minmay_temple_entry_butterflies, uniq_ijyb
D:6:      cheibriados_altar_1, basic_altar, kennysheep_small_spiral
D:7:      serial_shops, nicolae_shop_behind_doors, uniq_pikel
D:8:      nemelex_xobeh_ov_fountains_minmay, serial_glass, glass_columns_b,
          glass_columns_a, glass_columns_a, glass_columns_a, glass_columns_a,
          glass_columns_a, glass_columns_b, glass_columns_b, tgw_sif
D:9:      wad_woods_tower
D:10:     dpeg_oklobed_lair, uniq_snorg
D:11:     basic_altar
Temple:   compressed_dpeg_circular_temple

Skill      XL: |  1  2  3  4  5  6  7  8  9 10 |
---------------+-------------------------------+-----
Summonings     | 4 5 6 7 8 10 11 12 | 12.3
Spellcasting   | 6 9 |  9.7
Dodging        | |  1.5
Stealth        | |  1.5

Action                   |  1- 3 |  4- 6 |  7- 9 | 10-12 || total
-------------------------+-------+-------+-------+-------++-------
Melee: Unarmed           |    34 |       |       |       ||    34
       Rapier            |    38 |   181 |       |       ||   219
       Short sword       |       |    11 |   246 |       ||   257
       Broad axe         |       |       |    61 |    53 ||   114
 Cast: Summon Small Mamm |    15 |       |       |       ||    15
       Call Imp          |    12 |    10 |    23 |       ||    45
       Call Canine Famil |     2 |    27 |    42 |     5 ||    76
       Summon Ice Beast  |       |       |    18 |    47 ||    65
       Summon Lightning  |       |       |       |     2 ||     2
       Aura of Abjuratio |       |       |       |     1 ||     1
Invok: Divine Energy     |       |       |     1 |       ||     1
Evoke: Wand              |     1 |     4 |     1 |       ||     6
  Use: Scroll            |       |       |     8 |     1 ||     9
 Stab: Paralysed         |     2 |    16 |     9 |       ||    27
       Sleeping          |     1 |       |     2 |       ||     3
       Distracted        |       |     1 |     2 |       ||     3
Armor: Robe              |    31 |    30 |       |       ||    61
       Leather armour    |       |       |   130 |    27 ||   157
Dodge: Dodged            |    65 |   156 |   218 |    49 ||   488

Table legend:
 A = Spawn XP
 B = Non-spawn XP
 C = Spawn XP percentage of total XP
 D = Spawn monster count
 E = Non-spawn monster count
 F = Spawn count percentage of total count
 G = Total turns spent on level
                    A         B        C        D         E        F      G
               +---------+---------+-------+---------+---------+-------+---------
         Total |       0 |    9520 |   0.0 |       0 |     264 |   0.0 | 12567
               +---------+---------+-------+---------+---------+-------+---------
           D:1 |       0 |      25 |   0.0 |       0 |      21 |   0.0 |  1156
           D:2 |       0 |      45 |   0.0 |       0 |      15 |   0.0 |   634
           D:3 |       0 |     406 |   0.0 |       0 |      44 |   0.0 |  2374
           D:4 |       0 |     314 |   0.0 |       0 |      29 |   0.0 |  1202
           D:5 |       0 |     251 |   0.0 |       0 |      15 |   0.0 |  1003
           D:6 |       0 |     956 |   0.0 |       0 |      22 |   0.0 |  1575
           D:7 |       0 |    1869 |   0.0 |       0 |      34 |   0.0 |  1231
           D:8 |       0 |     922 |   0.0 |       0 |      32 |   0.0 |   726
           D:9 |       0 |    1854 |   0.0 |       0 |      27 |   0.0 |  1385
          D:10 |       0 |    1667 |   0.0 |       0 |      16 |   0.0 |   956
          D:11 |       0 |    1211 |   0.0 |       0 |       9 |   0.0 |   242
               +---------+---------+-------+---------+---------+-------+---------
